 Seeded DCSS version 0.30.1-11-g7821555f0a (webtiles) character file.

Game seed: 5129858224507802926 (custom seed)

206 Psyclone the Conjurer (level 5, 0/30 HPs)
             Began as a Deep Elf Conjurer on Nov 8, 2023.
             Slain by a quokka (3 damage)
             ... summoned by Eustachio
             ... on level 4 of the Dungeon.
             The game lasted 00:03:01 (1166 turns).

Psyclone the Conjurer (Deep Elf Conjurer)           Turns: 1166, Time: 00:03:02

Health: 0/30       AC:  3    Str:  4    XL:     5   Next: 53%
Magic:  1/14       EV: 12    Int: 25    God:
Gold:   42         SH:  0    Dex: 13    Spells: 11/14 levels left

rFire   . . .        (no weapon)
rCold   . . .        (no shield)
rNeg    . . .        a - +0 robe
rPois   .            (no helmet)
rElec   .            (no cloak)
rCorr   .            (no gloves)
SInv    .            g - +0 pair of boots
Will    .....        (no amulet)
Stlth   ++           (no ring)
HPRegen 0.25/turn    (no ring)
MPRegen 0.14/turn

%: clarity
@: no status effects
A: claws 1, clarity, robust 1, evolution 1, sturdy frame 1
a: no special abilities


You were on level 4 of the Dungeon.
You visited 1 branch of the dungeon, and saw 4 of its levels.

You collected 42 gold pieces.

Inventory:

Armour
 a - a +0 robe (worn)
 g - a +0 pair of boots (worn)
Scrolls
 d - a scroll of amnesia {unknown}
 e - a scroll of magic mapping {unknown}
 f - 2 scrolls of fear {unknown}
Potions
 b - a potion of magic
 c - 3 potions of mutation


   Skills:
 - Level 2.4 Dodging
 - Level 2.4 Stealth
 + Level 5.1 Spellcasting
 * Level 6.7 Conjurations


You had 11 spell levels left.
You knew the following spells:

 Your Spells              Type           Power      Damage    Failure   Level
a - Magic Dart            Conj           100%       1d8       1%          1
b - Searing Ray           Conj           78%        2d7       1%          2

Your spell library contained the following spells:

 Spells                   Type           Power      Damage    Failure   Level
 Dazzling Flash           Conj/Hex       46%        N/A       6%          3
 Fulminant Prism          Conj/Hex       11%        3d8       21%         4
 Iskenderun's Mystic Bla  Conj/Tloc      23%        2d6       21%         4


Dungeon Overview and Level Annotations

Branches:
Dungeon (4/15) Zot: 22834  Temple (0/1) D:4

Altars:

Shops:
D:2 =![

Annotations:
D:4 Eustachio


Innate Abilities, Weirdness & Mutations

You have sharp fingernails.
You possess an exceptional clarity of mind.
You are robust. (+10% HP)
You have hidden genetic potential.
Your movements are slightly less encumbered by armour. (ER -2)


Message History

The quokka bites you. Eustachio hits you with a +0 rapier.
You take 7 damage, and have 14/30 hp.
MASSIVE DAMAGE!!
You now have 0/14 mp.
Without enough magic to sustain it, your searing ray dissipates.
The quokka misses you. Eustachio closely misses you.
Casting: Searing Ray (safe; 1% risk of failure)
Confirm with . or Enter, or press ? or * to list all spells.
You don't have enough magic to cast this spell.
Unknown command.
Casting: Searing Ray (safe; 1% risk of failure)
Confirm with . or Enter, or press ? or * to list all spells.
You don't have enough magic to cast this spell.
Unknown command.
You barely miss Eustachio.
Eustachio is almost dead.
The quokka bites you. Eustachio hits you with a +0 rapier!
* * * LOW HITPOINT WARNING * * *
You take 10 damage, and have 5/30 hp.
MASSIVE DAMAGE!!
The quokka closely misses you. The quokka barely misses you.
The quokka bites you.
* * * LOW HITPOINT WARNING * * *
Eustachio casts a spell.
Eustachio blinks!
You take 1 damage, and have 4/30 hp.
Eustachio gestures wildly while chanting.
Eustachio blinks!
Things that are here:
a +0 trident; a +0 leather armour Eustachio gestures wildly while chanting.
Eustachio blinks!
Things that are here:
a +0 club; a +0 leather armour The quokka attacks as you move away!
The quokka bites you but does no damage.
You see here 10 gold pieces.
Found a scroll labelled LULAOH ODWOU.
The quokka bites you.
* * * LOW HITPOINT WARNING * * *
You take 2 damage, and have 3/30 hp.
The quokka attacks as you move away! The quokka bites you.
You die...

#....?.....#
#..........#
#..........#
#..........# ##
###.#####.##
#..# ..# #.##
.....### #..##
#
#....######..#
#####
#....@r.####.##
....#
...?#..##$.#
#..# ..<.# .
....# ##.# ##.#
....# ...###
#)####)######
....# ..
#.)#........#
##### .
##..ยง.......#
###........#
##########


You could see a quokka (summoned).

Vanquished Creatures
  2 orc priests
  An iguana (D:4)
  An orc wizard (D:3)
  4 gnolls (D:2)
  An adder (D:4)
  A worm (D:2)
  2 dart slugs
  7 orcs
  A bat (D:2)
  4 endoplasms
  5 goblins
  3 hobgoblins (D:2)
  A quokka (D:2)
  3 ball pythons
  2 kobolds
  A rat (D:1)
39 creatures vanquished.

Notes
Turn   | Place    | Note
-------+----------+-------------------------------------------
     0 | D:1      | Psyclone the Deep Elf Conjurer began the quest for the Orb.
     0 | D:1      | Reached XP level 1. HP: 10/10 MP: 6/6
    80 | D:2      | Found Zutuxkoi's Jewellery Shop.
    83 | D:2      | Reached XP level 2. HP: 15/15 MP: 4/8
   100 | D:2      | Learned a level 2 spell: Searing Ray
   149 | D:2      | Gained mutation: You possess an exceptional clarity of
                  | mind. [potion of mutation]
   149 | D:2      | Gained mutation: Your movements are slightly less
                  | encumbered by armour. (ER -2) [potion of mutation]
   149 | D:2      | Gained mutation: You have hidden genetic potential. [potion
                  | of mutation]
   287 | D:2      | Found Tatheism's Distillery.
   295 | D:2      | Reached skill level 5 in Conjurations
   345 | D:2      | Found Xoolosaxt's Antique Armour Shop.
   438 | D:2      | Reached XP level 3. HP: 19/19 MP: 6/10
   451 | D:2      | Gained mutation: You are robust. (+10% HP) [hidden
                  | potential]
   621 | D:3      | Reached XP level 4. HP: 7/26 MP: 7/12
   622 | D:3      | Reached skill level 6 in Conjurations
   634 | D:3      | Gained mutation: You have great hidden genetic potential.
                  | [hidden potential]
   634 | D:3      | Lost mutation: You have great hidden genetic potential.
                  | [hidden potential expressed]
   882 | D:4      | Reached XP level 5. HP: 25/30 MP: 10/14
   926 | D:4      | Found a staircase to the Ecumenical Temple.
  1141 | D:4      | Noticed Eustachio
  1144 | D:4      | Reached skill level 5 in Spellcasting
  1149 | D:4      | Gained mutation: You have sharp fingernails. [hidden
                  | potential]
  1166 | D:4      | Slain by a quokka

Illustrated notes

Levels and vault maps discovered:
D:1:      saegor_arrival_simple_c, layout_rooms, serial_shops, shop,
          kennysheep_nondescript, minmay_misc_feat_ornament
D:2:      layout_basic, serial_shops, nicolae_shop_tiny_statue_garden,
          nicolae_shop_scrapyard, shop, shop
D:3:      layout_loops_ring
D:4:      layout_rooms, elyvilon_altar_1, minmay_temple_entry_trees,
          uniq_eustachio

Skill      XL: |  1  2  3  4  5 |
---------------+----------------+-----
Conjurations   | 5 6 |  6.7
Spellcasting   | 4 5 |  5.1
Dodging        | |  2.4
Stealth        | |  2.4

Action                     |  1- 3 |  4- 6 || total
---------------------------+-------+-------++-------
  Melee: Unarmed           |       |     1 ||     1
   Cast: Magic Dart        |    16 |     8 ||    24
         Searing Ray       |     9 |    12 ||    21
    Use: Potion            |     1 |       ||     1
 Armour: Robe              |       |     2 ||     2
  Dodge: Dodged            |     1 |    21 ||    22
